 Dungeon Crawl Stone Soup version 0.24.0-13-gcf9b3192b9 (webtiles) character file.

Game seed: 9848355602574320266, levelgen mode: deterministic

12048 Sphyrna the Geomancer (level 11, -8/71 HPs)
             Began as a Gargoyle Earth Elementalist on Nov 5, 2019.
             Was a High Priest of Okawaru.
             Killed from afar by a gargoyle (19 damage)
             ... with a stone arrow
             ... on level 11 of the Dungeon.
             The game lasted 01:03:12 (15699 turns).

Sphyrna the Geomancer (GrEE)                       Turns: 15699, Time: 01:03:12

Health: -8/71      AC: 18    Str: 12    XL:     11   Next: 87%
Magic:  11/23      EV: 10    Int: 19    God:    Okawaru [*****.]
Gold:   834        SH:  4    Dex: 10    Spells: 17/26 levels left

rFire    . . .     SeeInvis .   q - +1 rapier (speed)
rCold    . . .     Gourm    .   f - +0 buckler
rNeg     + . .     Faith    .   E - +0 ring mail (curse)
rPois    ∞         Spirit   .   P - +0 helmet
rElec    +         Reflect  .   H - +0 cloak
rCorr    .         Harm     .   G - +0 pair of gloves
MR       .....                  (no boots)
Stlth    +.........             (no amulet)
HPRegen  0.21/turn              R - ring of flight
MPRegen  0.18/turn              (no ring)

@: no status effects
A: negative energy resistance 1, electricity resistance, unbreathing,
petrification resistance, rot immunity, AC +8
a: Heroism, Finesse, Renounce Religion, Evoke Flight


You were on level 11 of the Dungeon.
You worshipped Okawaru.
Okawaru was extremely pleased with you.
You were not hungry.

You visited 2 branches of the dungeon, and saw 12 of its levels.

You collected 834 gold pieces.

Inventory:

Hand Weapons
 q - a +1 rapier of speed (weapon)
   (You found it on level 3 of the Dungeon)
 K - a +1 dagger of venom
   (You took it off a kobold demonologist on level 8 of the Dungeon)
 S - a +4 lajatang of electrocution
   (Okawaru gifted it to you on level 11 of the Dungeon)
Missiles
 a - 3 throwing nets {!f}
 b - 114 stones (quivered)
Armour
 f - a +0 buckler (worn)
   (You took it off a gnoll sergeant on level 10 of the Dungeon)
 E - a cursed +0 ring mail (worn)
   (You found it on level 6 of the Dungeon)
 G - a +0 pair of gloves (worn)
   (You found it on level 7 of the Dungeon)
 H - a +0 cloak (worn)
   (You found it on level 7 of the Dungeon)
 P - a +0 helmet (worn)
   (You found it on level 10 of the Dungeon)
Jewellery
 R - a ring of flight (left hand)
   (You found it on level 11 of the Dungeon)
Wands
 t - a wand of flame (13)
   (You found it on level 7 of the Dungeon)
 u - a wand of paralysis (8)
   (You found it on level 5 of the Dungeon)
 y - a wand of clouds (11)
   (You took it off an orc priest on level 5 of the Dungeon)
 M - a wand of enslavement (5)
   (You took it off a centaur on level 8 of the Dungeon)
Scrolls
 h - 2 scrolls of identify {@r1}
 j - 2 scrolls of noise {!r}
 k - a scroll of fear {unknown}
 l - 2 scrolls of enchant armour {unknown}
 m - a scroll of acquirement {unknown}
 n - 3 scrolls of teleportation {@r4}
 p - 4 scrolls of amnesia
 r - 5 scrolls of remove curse {@r2}
 v - 2 scrolls of enchant weapon {unknown}
 x - a scroll of holy word {unknown}
 A - 2 scrolls of fog {unknown}
 B - 2 scrolls of immolation {!r}
 D - a scroll of random uselessness {unknown}
 J - 2 scrolls of magic mapping {unknown}
 N - 2 scrolls of blinking {unknown}
Potions
 c - a potion of brilliance {unknown}
 d - 3 potions of curing {@q1}
 g - 2 potions of flight {unknown}
 i - a potion of invisibility
 o - 2 potions of ambrosia
 s - 3 potions of heal wounds {@q2}
 w - 2 potions of degeneration {unknown}
 z - a potion of haste {unknown}
 C - 3 potions of might {unknown}
 F - a potion of cancellation {unknown}
 I - 4 potions of lignification {!q}
 L - 2 potions of resistance {unknown}
 O - a potion of magic {unknown}
Comestibles
 e - 30 rations {!d}
 Q - a chunk of flesh


   Skills:
 + Level 9.3 Fighting
 - Level 4.0 Short Blades
 - Level 6.0 Armour
 - Level 1.5 Dodging
 - Level 2.1 Stealth
 * Level 3.8 Shields
 + Level 8.2 Spellcasting
 - Level 6.0 Conjurations
   Level 0.7 Transmutations
 + Level 12.3 Earth Magic


You had 17 spell levels left.
You knew the following spells:

 Your Spells              Type           Power        Failure   Level  Hunger
a - Sandblast             Erth           ######       1%          1    None
b - Stone Arrow           Conj/Erth      #####.       1%          3    None
c - Lee's Rapid Deconstr  Erth           ######....   3%          5    #####..

Your spell library contained the following spells:

 Spells                   Type           Power        Failure   Level  Hunger
 Passwall                 Tmut/Erth      ####....     1%          2    None
 Sting                    Conj/Pois      ###.         5%          1    None
 Petrify                  Tmut/Erth      ####....     13%         4    ###....
 Static Discharge         Conj/Air       ###.....     17%         3    None
 Venom Bolt               Conj/Pois      ###.......   83%         5    #####..
 Olgreb's Toxic Radiance  Pois           #.......     88%         4    ###....
 Conjure Ball Lightning   Conj/Air       ###.......   100%        6    ######.


Dungeon Overview and Level Annotations

Branches:
Dungeon (11/15)            Temple (1/1) D:7            Lair (0/6) D:10
    Orc (0/2) D:9

Altars:
Ashenzari
Cheibriados
Dithmenos
Elyvilon
Fedhas
Gozag
Hepliaklqana
Kikubaaqudgha
Makhleb
Nemelex Xobeh
Okawaru
Qazlal
Ru
Sif Muna
Trog
Uskayaw
Vehumet
Wu Jian
Xom
Yredelemnul
Zin
The Shining One
Beogh

Shops:
D:7 (

Annotations:
D:11 3 runed translucent doors, exclusion: 2 centaurs, Delamore's ghost, journeyman HOMo


Innate Abilities, Weirdness & Mutations

You are resistant to torment.
Your stone body is resilient. (AC +8)
You are immune to poison.
You resist negative energy. (rN+)
You are resistant to electric shocks. (rElec)
You can survive without breathing.
You are immune to petrification.
You are immune to rotting.


Message History

Your +4 lajatang of electrocution stops crackling.
Your hands tingle!
q - a +1 rapier of speed (weapon)
The gargoyle hurls a stone arrow at you.
Keep equipping yourself?
Uppercase [Y]es or [N]o only, please.
Keep equipping yourself?
The stone arrow hits you.
You start putting on your armour.
You continue putting on your +0 buckler. x3
The gargoyle hits you but does no damage.
You continue putting on your +0 buckler.
The gargoyle hits you with a +0 mace.
You finish putting on your +0 buckler.
You hit the gargoyle but do no damage.
The gargoyle hurls a stone arrow at you.
The stone arrow misses you.
You hit the gargoyle. You barely miss the gargoyle.
The gargoyle hits you with a +0 mace!
You hit the gargoyle but do no damage. You hit the gargoyle but do no damage.
The gargoyle hits you but does no damage.
You hit the gargoyle but do no damage. The gargoyle hits you with a +0 mace.
You barely miss the gargoyle. You hit the gargoyle but do no damage.
The gargoyle hits you with a +0 mace!
* * * LOW HITPOINT WARNING * * *
Aim: a gargoyle, wielding a +0 mace (lightly damaged)
The stone arrow hits the gargoyle but does no damage.
The gargoyle hits you with a +0 mace.
* * * LOW HITPOINT WARNING * * *
Aim: a gargoyle, wielding a +0 mace (lightly damaged)
The stone arrow hits the gargoyle.
Aim: a gargoyle, wielding a +0 mace (lightly damaged)
The stone arrow hits the gargoyle but does no damage.
The gargoyle hits you with a +0 mace.
* * * LOW HITPOINT WARNING * * *
Aim: a gargoyle, wielding a +0 mace (lightly damaged)
The stone arrow hits the gargoyle!
The gargoyle hits you with a +0 mace!
* * * LOW HITPOINT WARNING * * *
Aim: a gargoyle, wielding a +0 mace (heavily damaged)
The stone arrow hits the gargoyle.
The gargoyle hits you with a +0 mace.
* * * LOW HITPOINT WARNING * * *
The gargoyle hurls a stone arrow at you.
The stone arrow hits you but does no damage.
The gargoyle hurls a stone arrow at you.
The stone arrow hits you.
* * * LOW HITPOINT WARNING * * *
The gargoyle hurls a stone arrow at you.
The stone arrow hits you!!
You die...

.......#....... .......'.#####.
.......#.#####. .......#.......
.......#....... .......#.......
#########################.......
#...............................
#..........9...@................
##.########......................
...# #...............######. #..#
#...................... #..#
#...................... ...#
#....########..........
...########......................
...††................<...........
#################################


You could see a gargoyle.

Vanquished Creatures
  Harold (D:10)
  2 two-headed ogres
  Nergalle (D:10)
  Pikel (D:5)
  A manticore (D:11)
  Joseph (D:9)
  A kobold demonologist (D:8)
  A troll (D:11)
  A hornet (D:10)
  Eustachio (D:5)
  A wraith (D:10)
  2 wyverns (D:10)
  2 hungry ghosts
  A soldier ant (D:11)
  A water moccasin (D:8)
  Duvessa (D:5)
  2 ice beasts
  A necrophage (D:7)
  9 orc warriors
  6 sky beasts
  A slave (D:5)
  9 ogres
  An eye of draining (D:10)
  A phantom (D:11)
  5 centaurs
  4 big kobolds
  7 bullfrogs
  A gnoll sergeant (D:10)
  A water moccasin skeleton (D:11)
  2 scorpions
  Dowan (D:5)
  16 killer bees
  A howler monkey (D:8)
  6 crimson imps
  4 jellies
  A centaur zombie (D:8)
  7 hounds
  13 orc wizards
  11 orc priests
  A centaur skeleton (D:8)
  5 iguanas
  5 worker ants
  A hound zombie (D:9)
  2 worker ant zombies
  15 adders
  3 gnolls (D:10)
  2 howler monkey skeletons
  An adder zombie (D:7)
  2 adder skeletons (D:7)
  3 worms
  7 leopard geckos
  45 orcs
  3 giant cockroaches
  A goblin (D:1)
  8 hobgoblins
  16 jackals
  5 quokkas
  A ball python (D:1)
  8 bats
  4 frilled lizards
  A jackal zombie (D:5)
  19 kobolds
  4 leopard gecko skeletons
  3 leopard gecko zombies
  3 rats (D:1)
297 creatures vanquished.

Vanquished Creatures (others)
  A leopard gecko (D:5)
1 creature vanquished.

Grand Total: 298 creatures vanquished

Notes
Turn   | Place    | Note
-------+----------+-------------------------------------------
     0 | D:1      | Sphyrna the Gargoyle Earth Elementalist began the quest for
                  | the Orb.
     0 | D:1      | Reached XP level 1. HP: 10/10 MP: 3/3
   873 | D:1      | Reached skill level 4 in Earth Magic
   873 | D:1      | Reached XP level 2. HP: 6/16 MP: 3/5
  1376 | D:1      | Reached skill level 1 in Fighting
  1765 | D:1      | Reached XP level 3. HP: 15/20 MP: 6/6
  1806 | D:1      | Learned a level 3 spell: Stone Arrow
  2934 | D:2      | Found a faded altar of an unknown god.
  3115 | D:2      | Reached skill level 1 in Armour
  3363 | D:3      | Reached skill level 1 in Conjurations
  3363 | D:3      | Reached XP level 4. HP: 23/25 MP: 7/7
  4013 | D:3      | Reached XP level 5. HP: 27/30 MP: 8/8
  4112 | D:3      | Found a blossoming altar of Fedhas.
  4123 | D:3      | Reached skill level 5 in Earth Magic
  4207 | D:3      | Found an ancient bone altar of Kikubaaqudgha.
  4862 | D:4      | Found a hazy altar of Hepliaklqana.
  4866 | D:4      | Found a shadowy altar of Dithmenos.
  4887 | D:4      | Noticed an ogre
  4889 | D:4      | Killed an ogre
  4889 | D:4      | Reached XP level 6. HP: 36/36 MP: 7/10
  4922 | D:4      | Learned a level 5 spell: Lee's Rapid Deconstruction
  5042 | D:4      | Found an opulent altar of Gozag.
  5044 | D:4      | Found a snail-covered altar of Cheibriados.
  5277 | D:4      | Reached skill level 6 in Earth Magic
  5277 | D:4      | Reached XP level 7. HP: 22/40 MP: 4/11
  5462 | D:4      | Found a glowing silver altar of Zin.
  5462 | D:4      | Found a shimmering blue altar of Sif Muna.
  5647 | D:5      | Entered Level 5 of the Dungeon
  5776 | D:5      | Noticed Dowan
  5785 | D:5      | Killed Dowan
  6123 | D:5      | Noticed Duvessa
  6140 | D:5      | Killed Duvessa
  6473 | D:5      | Noticed Eustachio
  6508 | D:5      | Killed Eustachio
  6508 | D:5      | Reached XP level 8. HP: 48/48 MP: 6/13
  6616 | D:5      | Noticed Pikel
  6622 | D:5      | Killed Pikel
  6622 | D:5      | Reached skill level 5 in Conjurations
  6622 | D:5      | Reached skill level 7 in Earth Magic
  6846 | D:5      | Identified the Collected Works on Vitriolic Lightness
  7104 | D:6      | Reached skill level 8 in Earth Magic
  7385 | D:6      | Reached XP level 9. HP: 47/52 MP: 15/15
  8246 | D:7      | Found a staircase to the Ecumenical Temple.
  8257 | Temple   | Entered the Ecumenical Temple
  8480 | Temple   | Became a worshipper of Warmaster Okawaru
  8642 | D:7      | Found a white marble altar of Elyvilon.
  8655 | D:7      | Reached skill level 5 in Fighting
  8943 | D:7      | Found Pigrol's Weapon Boutique.
  8982 | D:7      | Reached skill level 5 in Armour
  8982 | D:7      | Reached skill level 9 in Earth Magic
  9208 | D:7      | Reached * piety under Okawaru
  9287 | D:7      | Reached skill level 5 in Spellcasting
  9702 | D:7      | Reached skill level 1 in Short Blades
 10244 | D:8      | Reached skill level 10 in Earth Magic
 10265 | D:8      | Reached XP level 10. HP: 60/60 MP: 13/18
 10315 | D:8      | Reached ** piety under Okawaru
 10331 | D:8      | Noticed a kobold demonologist
 10333 | D:8      | Killed a kobold demonologist
 10484 | D:8      | Noticed a two-headed ogre
 10581 | D:7      | Killed a two-headed ogre
 10581 | D:7      | Reached *** piety under Okawaru
 10799 | D:8      | Reached skill level 11 in Earth Magic
 11445 | D:9      | Noticed a two-headed ogre
 11449 | D:9      | Killed a two-headed ogre
 11631 | D:9      | Found an opulent altar of Gozag.
 11631 | D:9      | Noticed Joseph
 11638 | D:9      | Killed Joseph
 11638 | D:9      | Reached **** piety under Okawaru
 11638 | D:9      | Received a gift from Okawaru
 11887 | D:9      | Reached XP level 11. HP: 60/67 MP: 18/20
 12081 | D:9      | Reached skill level 12 in Earth Magic
 12287 | D:9      | Found a staircase to the Orcish Mines.
 12546 | D:9      | Found a roughly hewn altar of Beogh.
 12590 | D:9      | Found an ornate altar of the Wu Jian Council.
 12914 | D:9      | Got a fine falchion
 13002 | D:10     | Entered Level 10 of the Dungeon
 13037 | D:10     | Found a staircase to the Lair.
 13251 | D:10     | Noticed Harold
 13266 | D:10     | Killed Harold
 13926 | D:10     | Noticed Nergalle
 13956 | D:10     | Killed Nergalle
 13956 | D:10     | Reached ***** piety under Okawaru
 13956 | D:10     | Reached skill level 1 in Shields
 14950 | D:11     | Noticed a minotaur
 14950 | D:11     | Noticed Delamore's ghost (journeyman HOMo)
 15081 | D:11     | Found a runed translucent gate.
 15081 | D:11     | Found a runed translucent gate.
 15081 | D:11     | Found a runed translucent gate.
 15407 | D:11     | Received a gift from Okawaru
 15467 | D:11     | Noticed a manticore
 15489 | D:11     | Killed a manticore
 15699 | D:11     | Killed from afar by a gargoyle

Levels and vault maps discovered:
D:1:      ncdulo_lavacross, layout_basic
D:2:      layout_rooms, chequers_ecumenical_altar_simple
D:3:      layout_loops_corners, kiku_gazebo_garden_becter, fedhas_altar_3
D:4:      layout_loops_ring, nicolae_overflow_hidden_temple,
          amethyst_overflow_temple_binary, first_ration
D:5:      layout_rooms, uniq_pikel, uniq_duvessa, uniq_eustachio
D:6:      layout_rooms
D:7:      layout_loops_corners, minmay_temple_entry_trees, serial_shops, shop,
          grunt_ogre_cave, lemuel_tele_altar
D:8:      minmay_slanted_spiral_squares, layout_basic, minmay_alternating_orb
D:9:      layout_roguey, minmay_orc_entry_temple_small, basic_altar,
          nicolae_gozag_cash_rules_everything_around_me, uniq_joseph
D:10:     layout_roguey, lair_entry_dummy, uniq_nergalle, uniq_harold
D:11:     layout_stronghold, maelrawn_ghost_gauntlet_escape, centaur_isle
Temple:   regret_index_temple_generic_petals

Skill      XL: |  1  2  3  4  5  6  7  8  9 10 11 |
---------------+----------------------------------+-----
Earth Magic    | 4 5 6 8 10 11 12 | 12.3
Fighting       | 1 2 3 4 5 7 9 |  9.3
Armour         | 1 2 3 4 5 6 |  6.0
Conjurations   | 1 2 3 4 6 |  6.0
Spellcasting   | 3 4 5 6 8 |  8.2
Short Blades   | 1 4 |  4.0
Shields        | 3 |  3.8
Dodging        | |  1.5
Stealth        | |  2.1
Transmutations | |  0.7

Action                   |  1- 3 |  4- 6 |  7- 9 | 10-12 || total
-------------------------+-------+-------+-------+-------++-------
Melee: Unarmed           |    57 |       |       |       ||    57
       Dagger            |   274 |    13 |       |       ||   287
       Rapier            |       |   165 |   366 |   524 ||  1055
       Lajatang          |       |       |       |    15 ||    15
 Cast: Sandblast         |    13 |    26 |    73 |   128 ||   240
       Stone Arrow       |       |       |    20 |    36 ||    56
  Use: Scroll            |       |       |     6 |     3 ||     9
 Stab: Sleeping          |     1 |       |       |       ||     1
  Eat: Chunk             |     8 |     6 |    11 |    16 ||    41
       Ration            |       |       |     2 |     1 ||     3
Armor: Robe              |    36 |       |       |       ||    36
       Ring mail         |   188 |    59 |   158 |   322 ||   727
Dodge: Dodged            |   225 |    77 |   183 |   264 ||   749
Block: Buckler           |       |       |       |    15 ||    15
